 Dungeon Crawl Stone Soup version 0.30-a0-358-g0d69a1922f (webtiles) character file.

Game seed: 6894946001857589935

4 MrRokkomies the Slasher (level 1, 0/19 HPs)
             Began as a Meteoran Cinder Acolyte on Nov 10, 2022.
             Was a High Priest of Ignis.
             Slain by a kobold
             ... wielding a +1 short sword of distortion
              (3 damage)
             ... on level 1 of the Dungeon.
             The game lasted 00:00:39 (307 turns).

MrRokkomies the Slasher (Meteoran Cinder Acolyte)    Turns: 307, Time: 00:00:39

Health: 0/19       AC:  5    Str: 15    XL:     1   Next: 85%
Magic:  3/3        EV: 10    Int: 15    God:    Ignis [*****.]
Gold:   14         SH:  0    Dex:  9    Spells: 2/2 levels left

rFire   + . .      SeeInvis .    a - -1 falchion (flame)
rCold   . . .      Faith    .    (no shield)
rNeg    . . .      Spirit   .    f - +0 ring mail
rPois   .          Reflect  .    (no helmet)
rElec   .          Harm     .    (no cloak)
rCorr   .          Rampage  .    (no gloves)
Will    .....                    (no boots)
Stlth   ..........               (no amulet)
HPRegen 0.23/turn                (no ring)
MPRegen 0.08/turn                (no ring)

@: glowing
A: sense surroundings 1, otherworldly, glowing, explore regen
a: Renounce Religion, Fiery Armour, Foxfire Swarm, Rising Flame


You were on level 1 of the Dungeon.
You worshipped Ignis.
Ignis was extremely pleased with you.
You visited 1 branch of the dungeon, and saw 1 of its levels.

You collected 14 gold pieces.

Inventory:

Hand Weapons
 a - a -1 falchion of flaming (weapon)
Missiles
 d - 6 poisoned darts (quivered)
Armour
 b - a +0 robe
 f - a +0 ring mail (worn)
Scrolls
 c - 4 scrolls of identify {unknown}
 e - a scroll of silence {unknown}
 h - a scroll of teleportation {unknown}
 i - a scroll of enchant armour {unknown}
Potions
 g - a potion of might {unknown}


   Skills:
 * Level 3.4 Fighting
 * Level 3.7 Long Blades
 + Level 0.2 Dodging
 - Level 1.3 Spellcasting
 + Level 3.7 Fire Magic


You had 2 spell levels left.
You didn't know any spells.
Your spell library contained the following spells:

 Spells                   Type           Power      Damage    Failure   Level
 Scorch                   Fire           24%        2d6       16%         2


Dungeon Overview and Level Annotations

Branches:
Dungeon (1/15) Zot: 289

Altars:


Innate Abilities, Weirdness & Mutations

You passively map a small area around you.
You are easily found by Zot.
You glow in the dark.
You regain HP and MP as you explore.


Message History

h - a scroll labelled POYRIU PALOIMA You see here a frilled lizard corpse.
c - 4 scrolls labelled LEAS HAPHAS (gained 2)
i - a scroll labelled NOKANOE VOSAH
Found a stone staircase leading down.
Found a faded altar of an unknown god.
There is a faded altar of an unknown god here.
Found a trident.
A kobold comes into view.
It is wielding a +1 short sword of distortion.
The kobold shouts!
You see here a +0 trident.
The kobold closely misses you.
You closely miss the kobold. The kobold hits you but does no damage.
You blink.
No target in view!
No target in view!
The kobold closely misses you.
You hit the kobold. You burn the kobold.
The kobold is severely wounded.
The kobold hits you with a +1 short sword of distortion.
You blink.
The kobold closely misses you.
You closely miss the kobold.
The kobold is severely wounded.
The kobold hits you with a +1 short sword of distortion.
Space warps horribly around you!
Ouch! That really hurt!
* * * LOW HITPOINT WARNING * * *
You closely miss the kobold.
The kobold is severely wounded.
The kobold barely misses you.
You barely miss the kobold.
The kobold is severely wounded.
The kobold hits you but does no damage.
You closely miss the kobold.
The kobold is severely wounded.
The kobold closely misses you.
You barely miss the kobold.
The kobold is severely wounded.
The kobold hits you with a +1 short sword of distortion.
You die...

* #.. ,, , #.# , #.# , * ,
#.# , #.# , #.# * , #.# ,
########K#######
#.......@......##..,
.#.......)....#.#.#
#..#..........#..#.# *
#...#...#....#...#.#
#....#...#..#....#.# ## *,
#.....#.#.##.....#.# #. ,
#......#...#.#...#.######.
,
#...#.#.....#...##.#......
,
,#....#.....#.#.#.#.#......


You could see a kobold.

Vanquished Creatures
  3 ball pythons (D:1)
  A frilled lizard (D:1)
  2 rats (D:1)
6 creatures vanquished.

Notes
Turn   | Place    | Note
-------+----------+-------------------------------------------
     0 | D:1      | MrRokkomies the Meteoran Cinder Acolyte began the quest for
                  | the Orb.
     0 | D:1      | Reached XP level 1. HP: 19/19 MP: 3/3
   218 | D:1      | Found a faded altar of an unknown god.
   307 | D:1      | Slain by a kobold

Illustrated notes

Levels and vault maps discovered:
D:1:      matt_arrival_diagonals, layout_basic, serial_shops, shop_statue,
          ebering_ecumenical_altar_webs, minmay_surrounded

Action                   || total
-------------------------++-------
Melee: Falchion          ||    26
       Punch             ||     1
Armor: Ring mail         ||     4
       Robe              ||     3
Dodge: Dodged            ||    11

Table legend: (Time is in decaauts)
 A = Elapsed time spent in this place.
 B = Non-inter-level travel time spent in this place.
 C = Inter-level travel time spent in this place.
 D = Time resting spent in this place.
 E = Time spent auto-exploring this place.
 F = Levels seen in this place.
 G = Mean time per level.
                   A        B        C        D        E       F      G
               +--------+--------+--------+--------+--------+-----+--------+
         Total |    309 |    309 |      0 |      0 |    220 |   1 |  309.0 |
       Dungeon |    309 |    309 |      0 |      0 |    220 |   1 |  309.0 |
               +--------+--------+--------+--------+--------+-----+--------+

Top non-repeatable levels by time:
     D:1: 309 daAuts
